 Dungeon Crawl Stone Soup version 0.29-a0-380-gf50f0a9fbc (webtiles) character file.

Game seed: 16941368746808913059

82 ytrimaz the Sneak (level 4, -4/23 HPs)
             Began as a Vine Stalker Brigand on May 5, 2022.
             Slain by a gnoll
             ... wielding a +2 vorpal flail
              (5 damage)
             ... on level 2 of the Dungeon.
             The game lasted 00:02:20 (1523 turns).

ytrimaz the Sneak (Vine Stalker Brigand)            Turns: 1523, Time: 00:02:21

Health: -4/23      AC:  3    Str: 13    XL:     4   Next: 43%
Magic:  0/5        EV: 12    Int: 11    God:
Gold:   63         SH:  0    Dex: 18    Spells: 3/3 levels left

rFire   + . .      SeeInvis +   a - +3 dagger
rCold   + . .      Faith    .   (no shield)
rNeg    . . .      Spirit   +   b - +0 robe
rPois   +          Reflect  .   (no helmet)
rElec   +          Harm     .   c - +0 cloak
rCorr   +          Rampage  .   (no gloves)
Will    .....                   (no boots)
Stlth   +++.......              (no amulet)
HPRegen 0.87/turn               h - ring of see invisible
MPRegen 0.09/turn               g - ring of wizardry

@: lethally poisoned (-4 -> -5), resistant
A: fangs 2, regeneration 1, magic shield, antimagic bite, no potion heal 2
a: no special abilities


You were on level 2 of the Dungeon.
You visited 1 branch of the dungeon, and saw 2 of its levels.

You collected 63 gold pieces.

Inventory:

Hand Weapons
 a - a +3 dagger (weapon)
Missiles
 d - 9 poisoned darts (quivered)
 e - 5 curare-tipped darts
Armour
 b - a +0 robe (worn)
 c - a +0 cloak (worn)
Jewellery
 g - a ring of wizardry (right hand)
 h - a ring of see invisible (left hand)
Scrolls
 k - 2 scrolls of identify {unknown}
 n - a scroll of amnesia {unknown}
 p - a scroll of blinking {unknown}
 q - a scroll of magic mapping {unknown}
Potions
 f - 2 potions of resistance
 i - a potion of heal wounds {unknown}
 j - a potion of cancellation {unknown}
 l - a potion of haste {unknown}
 m - 2 potions of attraction {unknown}
 o - a potion of lignification {unknown}


   Skills:
 + Level 2.0 Fighting
 + Level 2.6 Short Blades
 + Level 1.8 Throwing
 * Level 2.0 Dodging
 + Level 5.6 Stealth


You had 3 spell levels left.
You didn't know any spells.
Your spell library was empty.

Dungeon Overview and Level Annotations

Branches:
Dungeon (2/15)

Altars:


Innate Abilities, Weirdness & Mutations

You have extremely sharp teeth.
Your natural rate of healing is unusually fast.
When hurt, damage is shared between your health and your magic reserves.
Your bite disrupts and absorbs the magic of your enemies.
Potions cannot restore your health.


Message History

You hit the rat. You bite the rat. You drain its power.
The rat is severely wounded.
The rat bites you but does no damage.
You hit the rat.
You kill the rat!
Unknown command.
No target in view!
q - a scroll labelled BESEYDIPIETU You now have 63 gold pieces (gained 27).
Things that are here:
a hobgoblin corpse; an adder corpse An adder comes into view.
An adder is nearby!
An adder is nearby! 2 gnolls come into view.
A gnoll is wielding a +2 vorpal flail.
Found an escape hatch in the floor.
Found a stone staircase leading down.
The gnoll shouts!
The adder hisses angrily.
You hit the adder.
The adder is moderately wounded.
The gnoll hits you from afar with a +0 halberd!
The adder misses you.
You hear a shout!
You hit the adder.
The adder is almost dead.
The gnoll closely misses you. The gnoll barely misses you. The adder bites you.
You are poisoned.
The adder poisons you!
Unknown command.
You feel sick. The gnoll attacks as you move away!
The gnoll hits you with a +2 vorpal flail!
* * * LOW HITPOINT WARNING * * *
x3 You feel sick.
The adder misses you.
Unknown command.
It was a potion of resistance.
You feel protected.
* * * LOW HITPOINT WARNING * * *
You feel sick. The adder misses you.
The gnoll hits you with a +2 vorpal flail.
You die...

##...# ###... .#####....#
#..... ..........# #.
#..... ..........# #.#
#.....
#.........#####.#####.....
#.........................
#>........###...#####.....
#....>g.S..##...#####.....
#####.##g@................
# #.........####..... #
#........## #.....
#.##........# #.....
#......†...### ######
####.......†.#########
#..†...##..........
#......###########.
###......# #.


You could see 2 gnolls and an adder.

Vanquished Creatures
  A gnoll (D:1)
  4 adders (D:2)
  4 bats
  3 endoplasms
  7 hobgoblins
  3 jackals (D:2)
  3 kobolds
  A quokka (D:1)
  4 ball pythons
  2 frilled lizards (D:2)
  2 rats (D:2)
34 creatures vanquished.

Notes
Turn   | Place    | Note
-------+----------+-------------------------------------------
     0 | D:1      | ytrimaz the Vine Stalker Brigand began the quest for the
                  | Orb.
     0 | D:1      | Reached XP level 1. HP: 11/11 MP: 2/2
    74 | D:1      | Reached skill level 5 in Stealth
   457 | D:1      | Reached XP level 2. HP: 13/15 MP: 1/3
   580 | D:1      | Reached skill level 1 in Dodging
   610 | D:1      | Reached XP level 3. HP: 16/18 MP: 4/4
   842 | D:1      | Found a faded altar of an unknown god.
  1437 | D:2      | Gained mutation: Your natural rate of healing is unusually
                  | fast. [Vine Stalker growth]
  1437 | D:2      | Reached XP level 4. HP: 11/23 MP: 5/5
  1522 | D:2      | HP: 1/23 [gnoll/+2 vorpal flail (1)]
  1523 | D:2      | Slain by a gnoll

Illustrated notes

Levels and vault maps discovered:
D:1:      amcnicky_arrival_choice, layout_basic,
          shapermc_ecumenical_altar_pompeii
D:2:      layout_rooms, basic_altar

Skill      XL: |  1  2  3  4 |
---------------+-------------+-----
Stealth        | 5 |  5.6
Short Blades   | 2 |  2.6
Dodging        | 1 2 |  2.0
Fighting       | 2 |  2.0
Throwing       | |  1.8

Action                   |  1- 3 |  4- 6 || total
-------------------------+-------+-------++-------
Melee: Dagger            |    80 |    23 ||   103
       Bite              |    20 |     7 ||    27
       Punch             |     1 |       ||     1
  Use: Scroll            |     3 |       ||     3
       Potion            |       |     1 ||     1
 Stab: Sleeping          |     5 |       ||     5
Armor: Robe              |    18 |     3 ||    21
Dodge: Dodged            |    54 |    14 ||    68

Table legend: (Time is in decaauts)
 A = Elapsed time spent in this place.
 B = Non-inter-level travel time spent in this place.
 C = Inter-level travel time spent in this place.
 D = Time resting spent in this place.
 E = Time spent auto-exploring this place.
 F = Levels seen in this place.
 G = Mean time per level.
                   A        B        C        D        E       F      G
               +--------+--------+--------+--------+--------+-----+--------+
         Total |   1510 |   1485 |     25 |     17 |   1170 |   2 |  755.0 |
       Dungeon |   1510 |   1485 |     25 |     17 |   1170 |   2 |  755.0 |
               +--------+--------+--------+--------+--------+-----+--------+

Top non-repeatable levels by time:
     D:1: 1108 daAuts
     D:2: 402 daAuts
